 Dungeon Crawl Stone Soup version 0.27.1 (webtiles) character file.

Game seed: 14311658601305795467

79 chaosape the Covered (level 4, -1/38 HPs)
             Began as a Gnoll Wanderer on Aug 28, 2021.
             Was a Follower of Wu Jian.
             Slain by an orc wizard (3 damage)
             ... on level 2 of the Dungeon.
             The game lasted 00:05:45 (3195 turns).

chaosape the Covered (Gnoll Wanderer)               Turns: 3195, Time: 00:05:46

Health: -1/38      AC:  3    Str: 12 (13) XL:     4   Next: 37%
Magic:  5/5        EV: 11    Int: 10 (12) God:    Wu Jian [*.....]
Gold:   71         SH:  0    Dex:  8 (10) Spells: 5/5 levels left

rFire    . . .     SeeInvis .   a - +0 mace
rCold    . . .     Faith    .   d - +0 buckler
rNeg     . . .     Spirit   .   c - +0 leather armour
rPois    .         Reflect  .   (no helmet)
rElec    .         Harm     .   (no cloak)
rCorr    .         Rampage  .   (no gloves)
Will     .....                  (no boots)
Stlth    +.........             (no amulet)
HPRegen  0.12/turn              (no ring)
MPRegen  0.09/turn              (no ring)

@: confused
A: fangs 1, strong nose, distributed training
a: Renounce Religion


You were on level 2 of the Dungeon.
You worshipped Wu Jian.
Wu Jian was aware of your devotion.
You visited 1 branch of the dungeon, and saw 3 of its levels.

You collected 71 gold pieces.

Inventory:

Hand Weapons
 a - a +0 mace (weapon)
 f - a +0 spear
Missiles
 b - 3 throwing nets (quivered)
 i - 73 stones
 o - 19 arrows
Armour
 c - a +0 leather armour (worn)
 d - a +0 buckler (worn)
 j - a +0 leather armour
Jewellery
 p - a ring of see invisible
Scrolls
 e - a scroll of fear {unknown}
 k - a scroll of identify {unknown}
 m - a scroll of immolation {unknown}
Potions
 g - a potion of curing {unknown}
 h - a potion of degeneration
 l - a potion of brilliance {unknown}
 n - a potion of resistance {unknown}


   Skills:
 + Level 4.6 Fighting
 + Level 1.1 Short Blades
 + Level 2.7 Long Blades
 + Level 1.1 Axes
 + Level 1.1 Maces & Flails
 + Level 1.1 Polearms
 + Level 1.1 Staves
 + Level 1.1 Slings
 + Level 1.1 Bows
 + Level 2.7 Crossbows
 + Level 1.1 Throwing
 + Level 4.6 Armour
 + Level 2.7 Dodging
 + Level 2.5 Stealth
 + Level 2.7 Shields
 + Level 1.1 Unarmed Combat
 + Level 1.1 Spellcasting
 + Level 0.8 Conjurations
 + Level 0.8 Hexes
 + Level 0.8 Summonings
 + Level 0.8 Necromancy
 + Level 0.8 Translocations
 + Level 0.8 Transmutations
 + Level 0.8 Fire Magic
 + Level 0.8 Ice Magic
 + Level 0.8 Air Magic
 + Level 0.8 Earth Magic
 + Level 0.8 Poison Magic
 + Level 1.2 Invocations
 + Level 2.7 Evocations


You had 5 spell levels left.
You didn't know any spells.
Your spell library was empty.

Dungeon Overview and Level Annotations

Branches:
Dungeon (3/15)

Altars:
Wu Jian

Shops:
D:2 [


Innate Abilities, Weirdness & Mutations

You have very sharp teeth.
Your uncanny sense of smell can sniff out nearby items.
Your experience applies equally to all skills.


Message History

There is an escape hatch in the ceiling here.
The orc wizard hits you but does no damage.
A mysterious force pulls you upwards. The hatch slams shut behind you.
You hit the orc wizard.
You bite the orc wizard, but do no damage.
The orc wizard is moderately wounded.
The orc wizard barely misses you.
You hit the orc wizard but do no damage.
The orc wizard is moderately wounded.
The orc wizard closely misses you.
You hit the orc wizard.
The orc wizard is moderately wounded.
You block the orc wizard's attack. x2
You sock the orc wizard!
The orc wizard is severely wounded.
The orc wizard barely misses you.
You hit the orc wizard.
You bite the orc wizard, but do no damage.
The orc wizard is almost dead.
The orc wizard points at you and mumbles some strange words.
You resist with some effort.
You closely miss the orc wizard.
The orc wizard is almost dead.
You block the orc wizard's attack. The orc wizard casts a spell at you.
The puff of flame hits you!
* * * LOW HITPOINT WARNING * * *
You hit the orc wizard.
The orc wizard is almost dead.
The orc wizard hits you with a +0 dagger.
* * * LOW HITPOINT WARNING * * *
You closely miss the orc wizard.
The orc wizard is almost dead.
The orc wizard casts a spell at you.
You are confused.
You hit the orc wizard but do no damage.
The orc wizard is almost dead.
The orc wizard closely misses you.
The orc wizard hits you with a +0 dagger.
You die...

#
#.####....###........#.#.......
#
#..............#.....#.#.######
########.##.####.##.####.#.#
...# #.##......##.# #.#.# ...#
#.#######.##.####.#.######
...### #..#
#................... .....#
#..## #.#.###.###.#.######
.....# #...#
#.#................. .....#
#.#.# #.#@###.###.#.######
.....#
#.#.###.#o#...........รท#
.....# #.#..##.......###...#.##
.....# #.............#######.##
###### ####.####.#.........#..#
..# #.## #.###.#.....#..# ..#
#..# #.##......#....# ..# ##.#
#.##..#.....#..# ..#
#.###.#............###


You could see an orc wizard.

Vanquished Creatures
  3 adders
  A dart slug (D:2)
  An orc (D:3)
  6 ball pythons
  3 bats (D:1)
  3 giant cockroaches (D:1)
  8 goblins
  4 hobgoblins
  5 quokkas
  3 frilled lizards
  2 kobolds
  5 rats
  A spectral kobold (D:1)
45 creatures vanquished.

Notes
Turn   | Place    | Note
-------+----------+-------------------------------------------
     0 | D:1      | chaosape the Gnoll Wanderer began the quest for the Orb.
     0 | D:1      | chaosape set off with the following items: a +0 mace, 3
                  | throwing nets, a +0 leather armour, a +0 buckler
     0 | D:1      | Reached XP level 1. HP: 20/20 MP: 1/1
   231 | D:1      | Reached XP level 2. HP: 22/26 MP: 2/2
  1138 | D:1      | Reached XP level 3. HP: 31/31 MP: 3/3
  1346 | D:1      | Found a faded altar of an unknown god.
  1353 | D:1      | Became a worshipper of the Wu Jian Council
  1353 | D:1      | Reached * piety under Wu Jian
  1864 | D:2      | Reached skill level 1 in Invocations
  2450 | D:2      | Reached skill level 1 in Short Blades
  2450 | D:2      | Reached skill level 1 in Axes
  2450 | D:2      | Reached skill level 1 in Maces & Flails
  2450 | D:2      | Reached skill level 1 in Polearms
  2450 | D:2      | Reached skill level 1 in Staves
  2450 | D:2      | Reached skill level 1 in Slings
  2450 | D:2      | Reached skill level 1 in Bows
  2450 | D:2      | Reached skill level 1 in Throwing
  2450 | D:2      | Reached skill level 1 in Unarmed Combat
  2450 | D:2      | Reached skill level 1 in Spellcasting
  2498 | D:2      | Reached XP level 4. HP: 19/38 MP: 5/5
  3042 | D:2      | Found Nikkyi's Antique Armour Boutique.
  3193 | D:2      | HP: 1/38 [orc wizard (1)]
  3195 | D:2      | Slain by an orc wizard

Illustrated notes

Levels and vault maps discovered:
D:1:      lemuel_arrival_tunnels, layout_basic,
          dreamdust_ecumenical_altar_drowned_temple, minmay_misc_feat_nine_boxes
D:2:      layout_basic, serial_shops, shop
D:3:      minmay_chambers_of_threes, layout_basic, vehumet_crystals,
          overflow_temple_1_default, ebering_ghost_sewer_f, uniq_robin

Skill      XL: |  1  2  3 |
---------------+----------+-----
Invocations    | 1 |  1.2
Short Blades   | 1 |  1.1
Axes           | 1 |  1.1
Maces & Flails | 1 |  1.1
Polearms       | 1 |  1.1
Staves         | 1 |  1.1
Slings         | 1 |  1.1
Bows           | 1 |  1.1
Throwing       | 1 |  1.1
Unarmed Combat | 1 |  1.1
Spellcasting   | 1 |  1.1
Fighting       | |  4.6
Long Blades    | |  2.7
Crossbows      | |  2.7
Armour         | |  4.6
Dodging        | |  2.7
Stealth        | |  2.5
Shields        | |  2.7
Conjurations   | |  0.8
Hexes          | |  0.8
Summonings     | |  0.8
Necromancy     | |  0.8
Translocations | |  0.8
Transmutations | |  0.8
Fire Magic     | |  0.8
Ice Magic      | |  0.8
Air Magic      | |  0.8
Earth Magic    | |  0.8
Poison Magic   | |  0.8
Evocations     | |  2.7

Action                   |  1- 3 |  4- 6 || total
-------------------------+-------+-------++-------
Melee: Mace              |   150 |    42 ||   192
       Bite              |     9 |     2 ||    11
Invok: Lunge             |     3 |     2 ||     5
       Whirlwind         |       |     3 ||     3
  Use: Potion            |       |     1 ||     1
 Stab: Sleeping          |     2 |       ||     2
Armor: Leather armour    |    51 |     9 ||    60
Dodge: Dodged            |   119 |    24 ||   143
Block: Buckler           |    32 |     4 ||    36
